 Dungeon Crawl Stone Soup version 0.31-a0-574-g69dc8cc98e (webtiles) character file.

Game seed: 9665622494902369855

182 Juicyj the Shield-Bearer (level 5, -4/70 HPs)
             Began as a Minotaur Fighter on Aug 18, 2023.
             Succumbed to an orc wizard's poison
             ... on level 4 of the Dungeon.
             The game lasted 00:01:51 (2305 turns).

Juicyj the Shield-Bearer (Minotaur Fighter)         Turns: 2305, Time: 00:01:51

Health: -4/70      AC:  8    Str: 22    XL:     5   Next: 35%
Magic:  4/4        EV:  9    Int:  5    God:
Gold:   207        SH:  0    Dex: 10    Spells: 4/4 levels left

rFire   . . .        a - +0 war axe
rCold   . . .        c - +0 buckler
rNeg    . . .        b - +0 scale mail
rPois   .            (helmet restricted)
rElec   .            i - +0 cloak
rCorr   .            (no gloves)
SInv    .            (no boots)
Will    .....        (no amulet) Stlth
                     (no ring)
HPRegen 0.31/turn    (no ring)
MPRegen 0.09/turn

%: no passive effects
@: confused, berserking, lethally poisoned (-4 -> -28), very quick
A: horns 2, retaliatory headbutt
a: no special abilities


You were on level 4 of the Dungeon.
You visited 1 branch of the dungeon, and saw 4 of its levels.

You collected 207 gold pieces.

Inventory:

Hand Weapons
 a - a +0 war axe (weapon)
Missiles
 m - 4 poisoned darts
Armour
 b - a +0 scale mail (worn)
 c - a +0 buckler (worn)
 i - a +0 cloak (worn)
Jewellery
 l - an amulet of faith
 p - a ring of fire
Scrolls
 e - 5 scrolls of fog {unknown}
 f - a scroll of teleportation {unknown}
 g - a scroll of brand weapon {unknown}
 n - a scroll of identify {unknown}
 q - a scroll of amnesia {unknown}
 r - a scroll of enchant armour {unknown}
Potions
 d - 2 potions of might
 h - a potion of berserk rage
 j - a potion of degeneration {unknown}
 k - a potion of brilliance {unknown}
 o - a potion of lignification {unknown}


   Skills:
 + Level 4.7 Fighting
 + Level 3.9 Axes
 + Level 0.2 Throwing
 + Level 4.7 Armour
 + Level 4.8 Shields
 * Level 0.3 Shapeshifting


You had 4 spell levels left.
You didn't know any spells.
Your spell library contained the following spells:

 Spells                   Type           Power      Damage    Failure   Level
 Foxfire                  Conj/Fire      0%         2x1d4     85%         1
 Blink                    Tloc           0%         N/A       94%         2
 Manifold Assault         Tloc           0%         N/A       100%        4
 Plasma Beam              Fire/Air       0%         2x1d10    100%        6
 Starburst                Conj/Fire      0%         6d3       100%        6


Dungeon Overview and Level Annotations

Branches:
Dungeon (4/15)
 Temple: D:4-7

Altars:
Dithmenos


Innate Abilities, Weirdness & Mutations

You have a pair of horns on your head.
You reflexively headbutt those who attack you in melee.


Message History

The orc wizard is almost dead.
You barely miss the orc.
You feel very sick. The orc wizard casts a spell at you.
You are confused.
The orc barely misses you. The orc hits you with a +0 flail.
The orc wizard hits you but does no damage.
You are lethally poisoned!
You bump into the rock wall.
* * * LOW HITPOINT WARNING * * *
You feel very sick.
The orc wizard points at you and mumbles some strange words.
The puff of flame hits you.
* * * LOW HITPOINT WARNING * * *
The orc closely misses you.
It was a potion of berserk rage.
A red film seems to cover your vision as you go berserk!
You feel yourself moving faster!
You feel mighty!
* * * LOW HITPOINT WARNING * * *
You feel very sick.
The orc wizard points at you and mumbles some strange words.
The magic dart hits you.
* * * LOW HITPOINT WARNING * * *
The orc hits you with a +0 flail.
* * * LOW HITPOINT WARNING * * *
You closely miss the orc. You headbutt the orc!
You kill the orc!
You completely miss the orc wizard.
* * * LOW HITPOINT WARNING * * *
You feel very sick.
* * * LOW HITPOINT WARNING * * *
You feel sick.
The orc wizard hits you with a +1 dagger of venom.
* * * LOW HITPOINT WARNING * * *
You are more poisoned.
Things that are here:
a +0 dagger; a +0 robe; an orc corpse You slash the orc wizard!
You kill the orc wizard!
You die...

... #..# .... #..#
.... #(.# .....
#..# .....#
###..####
#...####.......#
#....)).####......
.#####).####
####.. ......)@#
.........#
..........#
............
.............
..............#
...............
...............


There were no monsters in sight!

Vanquished Creatures
  Natasha (thrice) (D:2)
  2 orc wizards (D:4)
  2 adders
  2 dart slugs (D:2)
  4 orcs
  8 ball pythons
  4 bats
  6 endoplasms
  2 giant cockroaches
  6 hobgoblins
  2 quokkas
  4 frilled lizards
  7 goblins
  4 kobolds
  6 rats
62 creatures vanquished.

Notes
Turn   | Place    | Note
-------+----------+-------------------------------------------
     0 | D:1      | Juicyj the Minotaur Fighter began the quest for the Orb.
     0 | D:1      | Reached XP level 1. HP: 19/19 MP: 0/0
   247 | D:1      | Reached XP level 2. HP: 23/27 MP: 1/1
   909 | D:2      | Reached XP level 3. HP: 33/33 MP: 2/2
  1069 | D:2      | Noticed Natasha
  1076 | D:2      | Killed Natasha
  1077 | D:2      | Reached XP level 4. HP: 34/41 MP: 3/3
  1078 | D:2      | Noticed Natasha
  1081 | D:2      | Killed Natasha
  1112 | D:2      | Noticed Natasha
  1121 | D:2      | Killed Natasha
  1674 | D:3      | Reached XP level 5. HP: 47/47 MP: 4/4
  1968 | D:3      | Found a faded altar of an unknown god.
  2194 | D:3      | Found a shadowy altar of Dithmenos.
  2304 | D:4      | HP: 2/70 [orc wizard/+1 dagger of venom (2)]
  2305 | D:4      | Succumbed to an orc wizard's poison

Illustrated notes

Levels and vault maps discovered:
D:1:      dpeg_arrival_shelter, layout_basic, minmay_hexomino_u4
D:2:      layout_basic, guppyfry_early_lair_pool, uniq_natasha
D:3:      layout_basic, mainiacjoe_overflow_six_doors_small,
          shapermc_ecumenical_altar_notcrosses
D:4:      layout_cave_pods, uniq_blork_the_orc, uniq_sigmund

Skill      XL: |  1  2  3 |
---------------+----------+-----
Armour         | 4 |  4.7
Fighting       | 4 |  4.7
Shields        | 4 |  4.8
Axes           | 3 |  3.9
Throwing       | |  0.2
Shapeshifting  | |  0.3

Action                     |  1- 3 |  4- 6 || total
---------------------------+-------+-------++-------
  Melee: War axe           |    68 |    51 ||   119
         Headbutt          |     8 |     9 ||    17
    Use: Potion            |       |     1 ||     1
 Armour: Scale mail        |    31 |    23 ||    54
  Dodge: Dodged            |    32 |    22 ||    54
  Block: Buckler           |    16 |    11 ||    27

Table legend: (Time is in decaauts)
 A = Elapsed time spent in this place.
 B = Non-inter-level travel time spent in this place.
 C = Inter-level travel time spent in this place.
 D = Time resting spent in this place.
 E = Time spent auto-exploring this place.
 F = Levels seen in this place.
 G = Mean time per level.
                   A        B        C        D        E       F      G
               +--------+--------+--------+--------+--------+-----+--------+
         Total |   2358 |   2275 |     83 |      0 |   1925 |   4 |  589.5 |
       Dungeon |   2358 |   2275 |     83 |      0 |   1925 |   4 |  589.5 |
               +--------+--------+--------+--------+--------+-----+--------+

Top non-repeatable levels by time:
     D:1: 919 daAuts
     D:2: 797 daAuts
     D:3: 573 daAuts
     D:4: 68 daAuts
